Get step-by-step instructions on how to execute this build order below. Start the game timer, and the build order will tick by so you can play in parallel with StarCraft on a second screen or mobile device.

Game Time

  0:00

Last Step

  N/A

Next Step

Upcoming Step



Don't want to look back and forth between 2 screens? Try out our Overwolf App, the Spawning Tool Build Advisor to get an in-game overlay with this build!

Complete Build Order

  12  0:00  Probe  
  13  0:12  Probe  
  14  0:17  Pylon  
  14  0:25  Probe  
  15  0:36  Gateway  
  15  0:38  Probe (Chrono Boost)  
  16  0:47  Probe (Chrono Boost)  
  16  0:48  Assimilator  
  17  0:52  Probe (Chrono Boost)  
  17  0:56  Assimilator  
  18  1:04  Probe (Chrono Boost)  
  18  1:08  Gateway  
  19  1:17  Probe (Chrono Boost)  
  20  1:24  Cybernetics Core, Probe (Chrono Boost)  
  21  1:34  Probe  
  21  1:37  Pylon  
  22  1:46  Probe  
  23  1:58  Warp Gate (Chrono Boost)  
  23  2:00  Stalker x2  
  27  2:03  Probe  
  28  2:15  Pylon  
  28  2:17  Pylon  
  28  2:19  Probe  
  29  2:39  Probe  
  29  2:41  Stalker x2  
  33  2:50  Stargate  
  33  2:51  Probe  
  34  3:17  Nexus  
  34  3:22  Probe  
  35  3:30  Oracle (Chrono Boost)  
  38  3:38  Pylon  
  38  3:47  Probe  
  39  3:54  Twilight Council  
  39  4:00  Oracle  
  42  4:10  Shield Battery  
  42  4:11  Stalker  
  42  4:12  Probe  
  46  4:24  Probe  
  46  4:30  Probe  
  47  4:36  Probe  
  48  4:40  Blink (Chrono Boost)  
  48  4:43  Probe  
  49  4:49  Gateway  
  49  4:51  Probe (Chrono Boost)  
  50  4:55  Probe (Chrono Boost)  
  51  5:00  Stalker  
  51  5:04  Probe (Chrono Boost)  
  51  5:05  Probe (Chrono Boost)  
  51  5:06  Pylon  
  55  5:10  Pylon  
  55  5:11  Probe  
  55  5:12  Probe  
  57  5:20  Stalker  
  59  5:23  Probe  
  59  5:24  Probe  
  59  5:25  Pylon  
  61  5:30  Stalker  
  61  5:35  Probe  
  64  5:36  Probe  
  65  5:47  Probe  
  65  5:49  Probe  
  64  5:56  Stalker x2  
  68  5:57  Stalker  
  68  5:59  Probe  
  68  6:01  Probe  
  72  6:06  Pylon  
  72  6:07  Forge  
  72  6:23  Stalker  
  72  6:25  Nexus  
  74  6:27  Pylon  
  74  6:30  Probe x2  
  64  6:51  Protoss Ground Weapons Level 1 (Chrono Boost)  
  64  6:53  Stalker x2  
  64  6:54  Stalker  
  66  6:56  Charge  
  64  7:06  Probe x2  
  66  7:18  Probe x2  
  68  7:25  Pylon  
  68  7:26  Assimilator  
  68  7:27  Stalker x2  
  68  7:28  Stalker  
  68  7:29  Assimilator  
  74  7:30  Probe x2  
  74  7:32  Robotics Facility  
  74  7:36  Gateway  
  76  7:41  Gateway x2  
  76  7:44  Gateway  
  76  7:45  Probe (Chrono Boost)  
  76  7:47  Shield Battery, Probe (Chrono Boost)  
  76  7:48  Probe (Chrono Boost)  
  79  7:56  Probe (Chrono Boost)  
  79  7:58  Probe (Chrono Boost)  
  81  8:00  Probe x2 (Chrono Boost)  
  81  8:03  Robotics Facility, Probe  
  81  8:04  Assimilator  
  84  8:08  Assimilator  
  84  8:10  Probe  
  84  8:11  Probe  
  86  8:19  Pylon  
  86  8:21  Nexus  
  86  8:24  Pylon  
  86  8:28  Observer  
  86  8:31  Robotics Bay  
  86  8:33  Probe x3  
  90  8:45  Probe x2  
  90  8:48  Shield Battery, Stalker x4  
  96  8:53  Protoss Ground Weapons Level 2 (Chrono Boost)  
  100  9:06  Probe  
  101  9:12  Forge  
  101  9:14  Probe  
  101  9:16  Disruptor (Chrono Boost)  
  102  9:17  Disruptor (Chrono Boost)  
  108  9:25  Gravitic Boosters  
  108  9:29  Stalker x5  
  117  9:44  Stalker x2, Probe  
  110  9:57  Protoss Shields Level 1 (Chrono Boost)  
  110  9:59  Disruptor x2  
  116  10:11  Assimilator  
  116  10:15  Assimilator  
  116  10:18  Probe  
  117  10:30  Zealot  
  117  10:31  Zealot x6  
  117  10:34  Disruptor x2  
  137  10:39  Dark Shrine  
  137  10:40  Probe x2  
  139  10:55  Gateway, Probe  
  139  10:56  Gateway  
  140  10:57  Gateway  
  140  10:59  Gateway, Probe  
  110  11:34  Nexus  
  110  11:56  Protoss Shields Level 2 (Chrono Boost), Protoss Ground Weapons Level 3 (Chrono Boost)  
  110  12:19  Nexus  
  110  12:20  Pylon  
  110  12:21  Pylon  
  110  12:22  Pylon  
  110  12:24  Pylon  
  110  12:27  Pylon  
  110  12:28  Pylon x2  
  110  12:29  Probe x2  
  108  12:30  Pylon  
  108  12:32  Pylon  
  108  12:36  Disruptor (Chrono Boost)  
  109  12:41  Disruptor (Chrono Boost)  
  106  12:48  Nexus, Zealot x2  
  106  12:49  Dark Templar x2  
  106  12:50  Dark Templar x3  
  106  12:51  Pylon  
  116  13:05  Observer (Chrono Boost)  
  117  13:23  Photon Cannon  
  117  13:24  Nexus, Photon Cannon  
  117  13:26  Photon Cannon  
  117  13:27  Photon Cannon, Dark Templar x2, Pylon  
  117  13:28  Dark Templar x4, Pylon x2  
  117  13:29  Zealot  
  117  13:31  Shield Battery  
  131  13:47  Photon Cannon  
  131  13:49  Photon Cannon  
  131  13:51  Shield Battery, Photon Cannon  
  131  13:53  Shield Battery, Zealot  
  133  13:55  Shield Battery  
  133  13:59  Pylon  
  133  14:02  Zealot x2  
  135  14:03  Zealot x2  
  135  14:32  Dark Templar x2, Zealot x2  
  135  14:33  Dark Templar x3  
  149  14:45  Protoss Ground Armor Level 1 (Chrono Boost)  
  149  14:55  Shadow Stride (Chrono Boost)  
  149  14:57  Nexus  
  149  14:58  Pylon  
  149  15:00  Pylon  
  149  15:02  Observer  
  149  15:05  Zealot  
  149  15:06  Zealot x6  
  142  15:41  Dark Templar x2  
  142  15:42  Dark Templar x4  
  149  15:44  Zealot  
  108  16:16  Pylon  
  108  16:18  Probe x2 (Chrono Boost), Pylon  
  111  16:20  Assimilator, Probe (Chrono Boost)  
  111  16:22  Stalker x2  
  111  16:23  Stalker x5  
  111  16:25  Assimilator, Probe (Chrono Boost)  
  127  16:27  Disruptor  
  127  16:28  Disruptor  
  127  16:30  Probe x2 (Chrono Boost)  
  127  16:31  Probe (Chrono Boost)  
  135  16:38  Photon Cannon x2  
  135  16:40  Photon Cannon  
  135  16:43  Photon Cannon  
  135  16:44  Gateway, Photon Cannon  
  135  16:46  Gateway  
  135  16:51  Zealot x2  
  135  16:52  Shield Battery x2, Zealot x5  
  149  16:54  Shield Battery  
  149  16:56  Shield Battery  
  149  17:03  Disruptor  
  140  17:25  Nexus  
  140  17:28  Pylon  
  136  17:30  Pylon  
  136  17:35  Zealot x7  
  127  17:55  Disruptor x2  
  127  17:57  Zealot x2  
  127  17:58  Zealot x7  
  147  18:07  Protoss Ground Armor Level 2 (Chrono Boost), Protoss Shields Level 3 (Chrono Boost)  
  132  18:30  Zealot x5  
  132  18:31  Zealot x4, Disruptor x2  
  138  18:46  Probe x2  
  136  18:51  Zealot x2  
  136  18:52  Zealot x7  
  149  19:07  Disruptor x2  
  153  19:32  Nexus  
  153  19:34  Assimilator  
  153  19:36  Assimilator  
  153  19:39  Pylon  
  153  19:40  Photon Cannon  
  153  19:41  Photon Cannon  
  153  19:43  Observer x2, Photon Cannon x2, Zealot x6  
  153  19:44  Zealot x3  
  173  19:48  Shield Battery  
  173  19:52  Shield Battery  
  157  20:04  Disruptor x2  
  163  20:12  Dark Templar x4  
  171  20:30  Stalker x4  
  130  20:58  Protoss Ground Armor Level 3 (Chrono Boost)  
  130  21:03  Stalker x3  
  130  21:04  Stalker, Zealot  
  126  21:05  Zealot x4  
  136  21:26  Nexus  
  136  21:29  Pylon  
  136  21:31  Pylon  
  120  21:46  Stalker x4  
  120  21:47  Stalker x5  
  114  22:12  Dark Templar x4  
  114  22:13  Zealot  
  114  22:14  Zealot x4  
  130  22:38  Zealot x2  
  130  22:39  Zealot x3  
  140  22:45  Photon Cannon  
  140  22:46  Photon Cannon  
  140  22:48  Photon Cannon  
  140  22:51  Photon Cannon  
  140  22:55  Zealot x2  
  140  22:56  Zealot x2  
  148  23:04  Pylon  
  148  23:05  Pylon  
  148  23:07  Pylon  
  138  23:21  Dark Templar x2  
  138  23:22  Dark Templar x6  
  132  23:42  Zealot  
  132  24:05  Zealot  
  132  24:06  Zealot x8  
  150  24:16  Disruptor x2  
  141  24:37  Zealot  
  141  24:38  Dark Templar x5  
  115  24:39  Dark Templar  
  114  24:48  Zealot x2  
  103  24:56  Disruptor x2  
  109  25:06  Photon Cannon  
  109  25:08  Photon Cannon  
  109  25:09  Photon Cannon  
  109  25:11  Photon Cannon x2  
  109  25:13  Pylon  
  109  25:19  Stalker x7  
  109  25:20  Stalker x2  
  127  25:29  Disruptor (Chrono Boost)  
  127  25:34  Disruptor (Chrono Boost)  
  130  25:36  Assimilator  
  130  25:40  Assimilator  
  116  26:09  Dark Templar x3  
  116  26:10  Dark Templar  
  121  26:12  Zealot x5  
  113  26:34  Photon Cannon  
  113  26:35  Photon Cannon  
  113  26:36  Zealot x4  
  113  26:37  Photon Cannon  
  113  26:39  Photon Cannon  
  115  26:59  Zealot x2  
  115  27:00  Zealot x6  
  119  27:14  Photon Cannon  
  119  27:15  Photon Cannon  
  119  27:16  Photon Cannon  
  117  27:25  Nexus  
  117  27:28  Pylon  
  112  27:35  Dark Templar x3  
  112  27:36  Dark Templar  
  118  27:42  Zealot x2  
  122  27:55  Pylon  
  122  27:57  Pylon  
  122  28:04  Templar Archives  
  122  28:14  Disruptor x2  
  128  28:42  High Templar x5  
  128  28:46  Zealot x3  
  139  28:49  Archon  
  139  28:50  Observer x2  
  137  28:57  Archon  
  137  28:59  Archon  
  137  29:01  Archon  
  133  29:10  Dark Templar x3  
  135  29:33  Zealot  
  135  29:34  Zealot x4  
  134  29:43  Pylon x2  
  126  29:53  Disruptor  
  126  29:54  Disruptor  
  128  30:11  Stalker  
  128  30:12  Stalker x6  
  142  30:38  Disruptor x2  
  148  30:50  Nexus  
  148  31:14  Observer  
  148  31:18  Stargate  
  149  31:20  Stargate  
  149  31:21  Archon  
  149  31:26  Fleet Beacon  
  149  31:39  Zealot x2  
  153  31:45  Pylon  
  121  32:29  Stalker x2  
  100  32:30  Stalker x2